 Dungeon Crawl Stone Soup version 0.20-a0-1124-g2e29d97 (webtiles) character file.

126 Ijustatesigmund the Conjurer (level 4, 0/55 HPs)
             Began as a Draconian Conjurer on May 15, 2017.
             Slain by an orc
             ... wielding a +0 morningstar
              (5 damage)
             ... on level 4 of the Dungeon.
             The game lasted 00:10:39 (2977 turns).

Ijustatesigmund the Conjurer (Draconian Conjurer)   Turns: 2977, Time: 00:10:41

Health: 0/55       AC:  5    Str: 16    XL:     4   Next: 84%
Magic:  1/9        EV: 12    Int: 15    God:
Gold:   165        SH:  0    Dex: 12    Spells: 4/10 levels left

rFire    . . .     SeeInvis .   e - +0 club
rCold    . . .     Gourm    .   (no shield)
rNeg     . . .     Faith    .   (armour unavailable)
rPois    +         Spirit   .   (helmet restricted)
rElec    .         Reflect  .   (no cloak)
rCorr    .         Harm     .   (no gloves)
MR       .....                  (no boots)
Stlth    ..........             (no amulet)
Regen    0.2/turn               g - ring of poison resistance
MPRegen  0.2/turn               (no ring)

@: berserking, drained, very quick
A: unfitting armour, big wings, talons 1, cold-blooded, AC +5
a: Fly


You were on level 4 of the Dungeon.
You were hungry.

You visited 1 branch of the dungeon, and saw 4 of its levels.

You collected 165 gold pieces.

Inventory:

Hand Weapons
 e - a +0 club (weapon)
Missiles
 j - 6 javelins (quivered)
Jewellery
 g - a ring of poison resistance (left hand)
Scrolls
 d - 4 scrolls of remove curse
 n - 4 scrolls of amnesia
Potions
 f - a potion of ambrosia
 i - a potion of lignification
 l - a potion of invisibility
 p - a potion of agility {unknown}
 q - a potion of flight {unknown}
 r - a potion of might {unknown}
Books
 a - a book of Conjurations

   Spells                             Type                      Level
   a - Magic Dart                     Conjuration                  1
   b - Searing Ray                    Conjuration                  2
   c - Dazzling Spray                 Conjuration/Hexes            3
   d - Fulminant Prism                Conjuration/Hexes            4
   e - Force Lance                    Conjuration/Translocation    4
   f - Iskenderun's Mystic Blast      Conjuration                  4
Comestibles
 b - 3 bread rations
 c - a royal jelly
 h - 2 fruits
 m - a meat ration


   Skills:
 - Level 2.3(1.9) Fighting
 - Level 1.7(1.3) Dodging
 - Level 1.7(1.3) Stealth
 + Level 3.5(3.1) Spellcasting
 - Level 4.0(3.5) Conjurations
 + Level 1.8(1.4) Hexes


You had 4 spell levels left.
You knew the following spells:

 Your Spells              Type           Power        Failure   Level  Hunger
a - Magic Dart            Conj           ##..         4%          1    #......
b - Searing Ray           Conj           ##....       7%          2    ##.....
c - Dazzling Spray        Conj/Hex       #.....       22%         3    ###....


Dungeon Overview and Level Annotations

Branches:
Dungeon (4/15)
 Temple: D:4-7

Altars:
Uskayaw


Innate Abilities, Weirdness & Mutations

Your plain brown scales are hard. (AC +5)
You cannot fit into any form of body armour.
You are cold-blooded and may be slowed by cold attacks.
Your large and strong wings let you fly indefinitely.
You have sharp toenails.


Message History

The orc barely misses you.
The searing ray hits the orc.
You kill the orc!
The bullfrog skeleton hits you! The orc hits you with a morningstar!
A red film seems to cover your vision as you go berserk!
You feel yourself moving faster!
You feel mighty!
The bullfrog skeleton barely misses you.
The orc closely misses you. The orc hits you with a morningstar!
* * * LOW HITPOINT WARNING * * *
The bullfrog skeleton hits you.
* * * LOW HITPOINT WARNING * * *
You closely miss the orc. You claw the orc.
The orc is almost dead.
The orc hits you with a flail.
* * * LOW HITPOINT WARNING * * *
The bullfrog skeleton barely misses you.
You closely miss the orc.
The orc is almost dead.
The orc hits you with a morningstar.
You die...

.... ...
#.)### # .
#.O..# .#.#
##....####....
#............
#....<...#
#........#
#..?..@Z.#
######oo......
#).##.#.. #
..## .. #..
..# ## #..#
##.# #.. ...
#.. #.# .....
.####


You could see an ogre, 2 orcs and a bullfrog skeleton.

Vanquished Creatures
  4 adders
  2 oozes (D:2)
  A worm (D:2)
  A dart slug (D:2)
  2 leopard geckos (D:2)
  4 orcs (D:4)
  10 bats
  5 giant cockroaches
  4 goblins
  9 hobgoblins
  5 quokkas (D:2)
  A ball python (D:3)
  3 frilled lizards
  8 kobolds
  10 rats
  A plant (D:2)
70 creatures vanquished.

Notes
Turn   | Place    | Note
-------+----------+-------------------------------------------
     0 | D:1      | Ijustatesigmund the Draconian Conjurer began the quest for the Orb.
     0 | D:1      | Reached XP level 1. HP: 14/14 MP: 3/3
   401 | D:1      | Reached skill level 1 in Fighting
   452 | D:1      | Reached XP level 2. HP: 22/23 MP: 0/5
   726 | D:1      | Gained mutation: You have sharp toenails. [potion of mutation]
   726 | D:1      | Gained mutation: Your large and strong wings let you fly indefinitely. [potion of mutation]
   746 | D:1      | Learned a level 2 spell: Searing Ray
  1246 | D:2      | Reached XP level 3. HP: 29/29 MP: 1/7
  1251 | D:2      | Learned a level 3 spell: Dazzling Spray
  1827 | D:2      | Found a hide-covered altar of Uskayaw.
  1875 | D:2      | Reached XP level 4. HP: 37/37 MP: 0/8
  1999 | D:2      | Reached skill level 1 in Hexes
  2965 | D:4      | Noticed an ogre
  2977 | D:4      | Slain by an orc

Vault maps used:
D:1:      dpeg_arrival_castle, hex_large
D:2:      wad_woods_stonehenge, kennysheep_nondescript, minmay_heptomino_h4
D:4:      minmay_temple_entry_statues_pillars, first_bread,
          gup_ossuary_entry_pyramid, serial_shops, shop_coins

Skill      XL: |  1  2  3  4 |
---------------+-------------+-----
Fighting       | 1 2 |  2.3
Spellcasting   | 3 |  3.5
Hexes          | 1 |  1.8
Dodging        | |  1.7
Stealth        | |  1.7
Conjurations   | |  4.0

Action                   |  1- 3 |  4- 6 || total
-------------------------+-------+-------++-------
Melee: Club              |    46 |    52 ||    98
       Kick              |     3 |    18 ||    21
       Tailslap          |     1 |     7 ||     8
 Cast: Magic Dart        |    86 |    48 ||   134
       Searing Ray       |     1 |     2 ||     3
  Use: Scroll            |     7 |     5 ||    12
       Potion            |     1 |     1 ||     2
  Eat: Chunk             |     4 |     3 ||     7
Armor: Skin              |    23 |     5 ||    28
Dodge: Dodged            |    43 |    29 ||    72
